 Dungeon Crawl Stone Soup version 0.24.1-11-gbbbb2193e6 (webtiles) character file.

Game seed: 2066582304667069835, levelgen mode: deterministic

3537 Ivruix the Basher (level 10, -2/115 HPs)
             Began as a Human Fighter on May 14, 2020.
             Was a Follower of Nemelex Xobeh.
             Slain by a hog (6 damage)
             ... on level 7 of the Dungeon.
             The game lasted 00:28:43 (6747 turns).

Ivruix the Basher (Human Fighter)                   Turns: 6747, Time: 00:28:45

Health: -2/115     AC: 25    Str: 19    XL:     10   Next: 29%
Magic:  13/13      EV:  2    Int: 10    God:    Nemelex Xobeh [*.....]
Gold:   267        SH: 10    Dex: 10    Spells: 9/9 levels left

rFire    . . .     SeeInvis +   y - +5 flail (crush)
rCold    . . .     Gourm    +   c - +0 shield
rNeg     + + +     Faith    .   (armour currently unavailable)
rPois    +         Spirit   .   (helmet currently unavailable)
rElec    .         Reflect  .   (cloak currently unavailable)
rCorr    .         Harm     .   (gloves currently unavailable)
MR       .....     NoTele   +   (boots currently unavailable)
Stlth    +.........             k - amulet of the gourmand
HPRegen  0.29/turn              h - ring of see invisible
MPRegen  0.13/turn              (no ring)

@: tree-form
A: clumsy 1
a: Draw Escape, Draw Destruction, Draw Summoning, Renounce Religion


You were on level 7 of the Dungeon.
You worshipped Nemelex Xobeh.
Nemelex Xobeh was aware of your devotion.
You were very full.
You were a tree.
You visited 2 branches of the dungeon, and saw 8 of its levels.

You collected 267 gold pieces.

Inventory:

Hand Weapons
 p - a +4 long sword
 y - a +5 flail of crushing (weapon)
 C - a +4 mace of crushing
Missiles
 x - 28 poisoned darts (quivered)
Armour
 c - a +0 shield (worn)
 e - a +0 pair of boots (melded)
 r - a +0 pair of gloves (melded)
 s - a +1 chain mail (melded)
Jewellery
 h - a ring of see invisible (left branch)
 k - an amulet of the gourmand (around neck)
 B - an uncursed amulet of magic regeneration
 D - a +4 amulet of reflection {unknown}
Scrolls
 i - a scroll of magic mapping
 j - 5 scrolls of identify
 n - a scroll of blinking
 o - 4 scrolls of teleportation
 q - a scroll of remove curse
 t - a scroll of noise
Potions
 a - a potion of might
 d - a potion of cancellation
 m - a potion of magic {unknown}
 v - 2 potions of lignification
 z - a potion of invisibility {unknown}
 A - a potion of agility {unknown}
Comestibles
 f - 19 rations


   Skills:
 * Level 6.6 Fighting
 - Level 1.2 Long Blades
 + Level 8.8 Maces & Flails
 * Level 7.2 Armour
 + Level 6.2 Shields
 * Level 4.2 Invocations


You had 9 spell levels left.
You didn't know any spells.
Your spell library contained the following spells:

 Spells                   Type           Power        Failure   Level  Hunger
 Animate Skeleton         Necr           N/A          75%         1    ##.....
 Apportation              Tloc           #.....       75%         1    ##.....
 Confusing Touch          Hex            #.....       75%         1    ##.....
 Summon Small Mammal      Summ           #...         75%         1    ##.....


Dungeon Overview and Level Annotations

Branches:
Dungeon (7/15)             Temple (1/1) D:6

Altars:
Ashenzari
Dithmenos
Elyvilon
Fedhas
Kikubaaqudgha
Makhleb
Nemelex Xobeh
Okawaru
Qazlal
Ru
Sif Muna
Trog
Wu Jian
Yredelemnul
Zin
The Shining One
Lugonu


Innate Abilities, Weirdness & Mutations

((You have very sharp teeth.))
((You have sharp toenails.))
You are clumsy. (Dex -2)


Message History

You hit the hog.
The hog is moderately wounded.
You block the hog's attack. The hog bites you.
* * * LOW HITPOINT WARNING * * *
You block the hog's attack.
You cannot teleport because you are held in place by your roots.
You hit the hog.
The hog is heavily wounded.
The hog bites you but does no damage. You block the hog's attack.
The hog bites you but does no damage. The hog bites you.
* * * LOW HITPOINT WARNING * * *
The hog bites you but does no damage.
You barely miss the hog.
The hog is heavily wounded.
You block the hog's attack. The hog bites you but does no damage.
The hog bites you.
* * * LOW HITPOINT WARNING * * *
The hog bites you.
You die...
Your body disappears without a glow.

..#...# #......#..# ####.....(
...#..####.#..#...## ###.........
#...#...#†....#...####...##......
#.#.#...)..............####......
.....#..##...##.......## #####.#
.#......##...##.......# #.#
.#)........#.##.....(.# #>#
.#.#####.......#h.#.####### #.#
.#.####....#...h♣.........# #.#
...#.......#.###h.........# #..
##.#.#..#...####..........# ##.
#.#.#.##.....##..........# #..
##...#.###.##.#.....#.....## #.#
....##.# #.................####.#
.......####.................##..#
.........#..#...............##.##
.......#................(...##.##


You could see 3 hogs.

Vanquished Creatures
  Pikel (D:5)
  A hornet (D:7)
  Sigmund (D:5)
  A hog (D:7)
  A human (D:7)
  3 ice beasts
  An orc warrior (D:6)
  A black bear (D:7)
  A necrophage (D:5)
  A centaur (D:7)
  2 ogres (D:4)
  A big kobold (D:7)
  4 bullfrogs
  A wyvern skeleton (D:6)
  6 howler monkeys
  3 crimson imps (D:5)
  A bullfrog zombie (D:5)
  3 orc priests
  4 jellies
  A centaur skeleton (D:5)
  A hound (D:7)
  8 orc wizards
  2 iguanas (D:5)
  5 worker ants
  A killer bee zombie (D:6)
  A hound zombie (D:5)
  A hound skeleton (D:5)
  A howler monkey zombie (D:7)
  4 gnolls (D:4)
  A howler monkey skeleton (D:5)
  4 adders
  2 shadow imps
  2 oozes (D:5)
  2 adder skeletons
  A worm (D:3)
  A dart slug (D:2)
  2 leopard geckos
  22 orcs
  5 bats
  2 giant cockroaches
  6 goblins
  7 hobgoblins
  13 kobolds
  2 quokkas
  2 ball pythons
  5 frilled lizards
  A jackal skeleton (D:4)
  A jackal zombie (D:6)
  A leopard gecko zombie (D:6)
  A quokka skeleton (D:5)
  6 rats
151 creatures vanquished.

Vanquished Creatures (others)
  Eustachio (D:5)
  A crimson imp (D:5)
  A quokka (D:5)
3 creatures vanquished.

Grand Total: 154 creatures vanquished

Notes
Turn   | Place    | Note
-------+----------+-------------------------------------------
     0 | D:1      | Ivruix the Human Fighter began the quest for the Orb.
     0 | D:1      | Reached XP level 1. HP: 18/18 MP: 1/1
    94 | D:1      | Reached XP level 2. HP: 24/24 MP: 2/2
   748 | D:2      | Found a faded altar of an unknown god.
   838 | D:2      | Reached XP level 3. HP: 19/29 MP: 3/3
  1299 | D:3      | Found an iron altar of Okawaru.
  1420 | D:3      | Found a white marble altar of Elyvilon.
  1456 | D:3      | Reached XP level 4. HP: 35/35 MP: 4/4
  1807 | D:3      | Found a bloodstained altar of Trog.
  1892 | D:3      | Found a shattered altar of Ashenzari.
  1917 | D:3      | Reached skill level 1 in Long Blades
  2199 | D:3      | Found an ornate altar of the Wu Jian Council.
  2266 | D:3      | Reached XP level 5. HP: 41/41 MP: 5/5
  2628 | D:4      | Reached skill level 3 in Maces & Flails
  2628 | D:4      | Reached XP level 6. HP: 28/48 MP: 6/6
  2778 | D:4      | Noticed an ogre
  2788 | D:4      | Killed an ogre
  3201 | D:4      | Noticed an ogre
  3288 | D:4      | Reached XP level 7. HP: 49/54 MP: 7/7
  3309 | D:4      | Reached skill level 4 in Maces & Flails
  3879 | D:5      | Entered Level 5 of the Dungeon
  3913 | D:5      | Reached skill level 5 in Maces & Flails
  3913 | D:5      | Reached skill level 5 in Armour
  3918 | D:5      | Reached XP level 8. HP: 56/60 MP: 8/8
  3941 | D:5      | Noticed Sigmund
  3944 | D:5      | Noticed Eustachio
  4258 | D:5      | Found a sparkling altar of Nemelex Xobeh.
  4267 | D:5      | Became a worshipper of Nemelex Xobeh the Trickster
  4313 | D:5      | Reached skill level 5 in Shields
  4507 | D:5      | Killed Sigmund
  4507 | D:5      | Reached skill level 6 in Maces & Flails
  4786 | D:5      | Received a gift from Nemelex Xobeh
  4807 | D:5      | Gained mutation: You are clumsy. (Dex -2) [potion of
                  | mutation]
  4807 | D:5      | Gained mutation: You have sharp toenails. [potion of
                  | mutation]
  4807 | D:5      | Gained mutation: You have very sharp teeth. [potion of
                  | mutation]
  4841 | D:5      | Noticed Pikel
  4852 | D:5      | Killed Pikel
  4852 | D:5      | Reached skill level 5 in Fighting
  4852 | D:5      | Reached skill level 7 in Maces & Flails
  4852 | D:5      | Reached XP level 9. HP: 42/67 MP: 8/10
  4980 | D:5      | Killed Eustachio
  5226 | D:6      | Found a staircase to the Ecumenical Temple.
  5263 | Temple   | Entered the Ecumenical Temple
  5535 | D:6      | Reached * piety under Nemelex Xobeh
  5558 | D:6      | Found a glowing golden altar of the Shining One.
  5960 | D:7      | Reached skill level 8 in Maces & Flails
  6004 | D:7      | Reached XP level 10. HP: 49/75 MP: 12/12
  6493 | D:7      | Paralysed by a hornet for 1 turns
  6747 | D:7      | HP: 4/115 [hog (2)]
  6747 | D:7      | Slain by a hog

Levels and vault maps discovered:
D:1:      beargit_arrival_greenhouse, layout_basic
D:2:      layout_basic, chequers_ecumenical_altar_island
D:3:      layout_loops_corners, cheibrodos_ashenzari_chains,
          overflow_temple_1_default, elyvilon_altar_4,
          nicolae_overflow_hidden_temple, overflow_temple_1_default,
          st_stairs_13, serial_park_tiny_pond
D:4:      layout_basic, first_ration, kennysheep_opposing_triangles
D:5:      layout_loops_ring, lemuel_round_altar, uniq_pikel, uniq_sigmund,
          uniq_eustachio
D:6:      layout_basic, old_standard_altar, minmay_temple_entry_statues
D:7:      layout_rooms, grunt_livestock, kennysheep_generic_room_15
Temple:   corrupted_temple

Skill      XL: |  1  2  3  4  5  6  7  8  9 10 |
---------------+-------------------------------+-----
Long Blades    | 1 |  1.2
Shields        | 4 5 6 |  6.2
Maces & Flails | 3 5 7 8 |  8.8
Armour         | 4 5 6 7 |  7.2
Fighting       | 4 5 6 |  6.6
Invocations    | 2 3 4 |  4.2

Action                   |  1- 3 |  4- 6 |  7- 9 | 10-12 || total
-------------------------+-------+-------+-------+-------++-------
Melee: Flail             |    64 |    75 |   235 |    80 ||   454
       Long sword        |    32 |    28 |       |       ||    60
       Bite              |       |       |    14 |    13 ||    27
Throw: Dart              |       |       |     4 |       ||     4
  Use: Potion            |       |     1 |     4 |     6 ||    11
       Scroll            |       |       |    10 |     3 ||    13
  Eat: Chunk             |    11 |     6 |     8 |     5 ||    30
Armor: Scale mail        |    36 |    32 |    56 |       ||   124
       Chain mail        |       |       |    66 |    43 ||   109
       Skin              |       |       |       |     8 ||     8
Dodge: Dodged            |    29 |    23 |    58 |    21 ||   131
Block: Shield            |    53 |    51 |   112 |    60 ||   276
       Rpst.: Long sword |     2 |     4 |       |       ||     6
